 Dungeon Crawl Stone Soup version 0.30.1-4-g462c640d31 (webtiles) character file.

Game seed: 16622209748705899664

2865 Nick1 the Cleaver (level 10, -3/77 HPs)
             Began as a Formicid Fighter on Sept 13, 2023.
             Was a Believer of Okawaru.
             Slain by a two-headed ogre
             ... wielding a +0 giant spiked club
              (13 damage)
             ... on level 7 of the Dungeon.
             The game lasted 00:43:39 (5814 turns).

Nick1 the Cleaver (Formicid Fighter)                Turns: 5814, Time: 00:43:40

Health: -3/77      AC: 19    Str: 26    XL:     10   Next: 4%
Magic:  8/10       EV: 10    Int:  7    God:    Okawaru [**....]
Gold:   217        SH: 12    Dex: 13    Spells: 9/9 levels left

rFire   . . .        a - +0 war axe
rCold   . . .        c - +0 buckler
rNeg    . . .        m - +0 plate armour
rPois   +            (helmet unavailable)
rElec   .            (no cloak)
rCorr   .            (no gloves)
SInv    +            (no boots)
Will    +....        E - amulet of reflection Stlth
                     f - ring of poison resistance
HPRegen 0.32/turn    u - +4 ring of protection
MPRegen 0.12/turn

%: reflection
@: heroic
A: permanent stasis, dig shafts and tunnels, antennae 3, four strong arms
a: Dig, Shaft Self, Renounce Religion, Heroism


You were on level 7 of the Dungeon.
You worshipped Okawaru.
Okawaru was pleased with you.
You visited 2 branches of the dungeon, and saw 8 of its levels.

You collected 498 gold pieces.
You spent 281 gold pieces at shops.

Inventory:

Hand Weapons
 a - a +0 war axe (weapon)
Missiles
 d - 2 throwing nets
 v - 12 poisoned darts (quivered)
Armour
 b - a +0 scale mail
 c - a +0 buckler (worn)
 m - a +0 plate armour (worn)
 w - a +0 chain mail
Jewellery
 f - a ring of poison resistance (left hand)
 k - a ring of fire
 u - a +4 ring of protection (right hand)
 y - a ring of ice
 B - a ring of positive energy
 E - an amulet of reflection (around neck)
Wands
 l - a wand of acid (12)
 n - a wand of iceblast (12)
 t - a wand of flame (13)
Scrolls
 e - 2 scrolls of magic mapping
 g - 3 scrolls of fog
 h - 2 scrolls of fear
 i - 2 scrolls of vulnerability
 j - a scroll of poison
 q - 3 scrolls of torment
 r - a scroll of summoning {unknown}
 z - a scroll of immolation {unknown}
 C - a scroll of enchant armour {unknown}
 D - a scroll of noise {unknown}
Potions
 o - 2 potions of magic {unknown}
 p - 4 potions of curing
 s - 2 potions of degeneration {unknown}
 x - a potion of flight {unknown}
 A - 2 potions of brilliance {unknown}
 F - a potion of might


   Skills:
 * Level 6.6(11.6) Fighting
 * Level 8.7(13.7) Axes
 + Level 3.0(8.0) Throwing
 * Level 7.4(12.4) Armour
 + Level 1.0(6.0) Dodging
 + Level 1.3(6.3) Stealth
 * Level 7.2(12.2) Shields


You had 9 spell levels left.
You didn't know any spells.
Your spell library contained the following spells:

 Spells                   Type           Power      Damage    Failure   Level
 Portal Projectile        Hex/Tloc       0%         N/A       100%        3
 Leda's Liquefaction      Hex/Erth       0%         N/A       100%        4
 Manifold Assault         Tloc           0%         N/A       100%        4
 Dispersal                Tloc           0%         N/A       100%        6
 Ozocubu's Refrigeration  Ice            0%         4d7       100%        7
 Disjunction              Tloc           0%         N/A       100%        8
 Polar Vortex             Ice            0%         N/A       100%        9
 Call Canine Familiar     Summ           Unusable   N/A       N/A         3
 Simulacrum               Ice/Necr       Unusable   N/A       N/A         6

Dungeon Overview and Level Annotations

Branches:
Dungeon (7/15)             Temple (1/1) D:5

Altars:
Ashenzari
Cheibriados
Dithmenos
Elyvilon
Fedhas
Hepliaklqana
Kikubaaqudgha
Makhleb
Okawaru
Qazlal
Ru
Sif Muna
Trog
Vehumet
Wu Jian
Zin

Shops:
D:3 [   D:4 [?:!   D:5 (


Innate Abilities, Weirdness & Mutations

You cannot be hasted, slowed, berserked, paralysed or teleported.
You can dig through walls and to a lower floor.
You have a pair of large antennae on your head. (SInv)
Your four strong arms can wield two-handed weapons with a shield.


Message History

The water moccasin is severely wounded.
You block the water moccasin's attack.
You slash the water moccasin!
You kill the water moccasin!
Okawaru accepts your kill.
v - 13 poisoned darts (gained 1)
A two-headed ogre is nearby!
There is an open door here.
The two-headed ogre shouts in stereo!
Throw: 13 darts (poison)
Press: ? - help, Q - select action, (/) - cycle Shift-Dir - straight line, f - two-headed ogre
Aim: a two-headed ogre, wielding a +0 giant spiked club and a +0 giant club (76% to hit)
You throw a poisoned dart.
The poisoned dart hits the two-headed ogre!
The two-headed ogre is poisoned.
You hit the two-headed ogre.
The two-headed ogre is lightly wounded.
The two-headed ogre barely misses you.
The two-headed ogre hits you with a +0 giant club!!
You hit the two-headed ogre.
The two-headed ogre is lightly wounded.
The two-headed ogre hits you with a +0 giant spiked club!
The two-headed ogre closely misses you.
You slash the two-headed ogre!
The two-headed ogre is moderately wounded.
You slash the two-headed ogre!
The two-headed ogre is severely wounded.
The two-headed ogre hits you with a +0 giant spiked club!!
The two-headed ogre hits you with a +0 giant club!
* * * LOW HITPOINT WARNING * * *
You gain the combat prowess of a mighty hero.
The two-headed ogre hits you with a +0 giant spiked club!
* * * LOW HITPOINT WARNING * * *
The two-headed ogre hits you but does no damage.
You hit the two-headed ogre.
The two-headed ogre is severely wounded.
You hit the two-headed ogre but do no damage.
The two-headed ogre is severely wounded.
The two-headed ogre hits you with a +0 giant spiked club!
You die...

............. .....+
...........#+##.....#
...........#........#
...........#.##.....#
...........#.##.....#
...........'..+.....#
...........####.....#
...#####...#######(##
### #........@O.#
###########.# #


You could see a two-headed ogre (poisoned).

Vanquished Creatures
  3 water moccasins
  Duvessa (D:5)
  A sky beast (D:7)
  An ice beast (D:6)
  2 black bears (D:4)
  3 ogres
  A centaur (D:5)
  5 kobold brigands
  4 bullfrogs
  4 scorpions
  Dowan (D:5)
  2 howler monkeys
  An orc priest (D:7)
  2 jellies
  2 gnoll boudas
  A hound (D:6)
  2 iguanas (D:5)
  2 sleepcaps
  Natasha (thrice) (D:3)
  3 orc wizards
  14 gnolls
  6 adders
  A shadow imp (D:6)
  A white imp (D:5)
  3 ufetubi
  2 worms
  4 dart slugs
  11 orcs
  9 endoplasms
  3 giant cockroaches
  4 goblins
  8 hobgoblins
  8 jackals
  46 kobolds
  4 quokkas
  12 ball pythons
  3 bats
  3 frilled lizards
  9 rats
195 creatures vanquished.

Notes
Turn   | Place    | Note
-------+----------+-------------------------------------------
     0 | D:1      | Nick1 the Formicid Fighter began the quest for the Orb.
     0 | D:1      | Reached XP level 1. HP: 18/18 MP: 1/1
   258 | D:1      | Reached XP level 2. HP: 24/24 MP: 2/2
   913 | D:1      | Reached XP level 3. HP: 29/29 MP: 3/3
  1417 | D:2      | Found a faded altar of an unknown god.
  1417 | D:2      | You fall into a shaft and drop 2 floors!
  1419 | D:4      | Found Ycsodd's Assorted Antiques.
  1431 | D:4      | Found Vurosyit's Magic Scroll Boutique.
  1444 | D:4      | Bought a scroll of identify for 22 gold pieces
  1444 | D:4      | Bought a scroll of identify for 22 gold pieces
  1479 | D:3      | Found a sacrificial altar of Ru.
  1479 | D:3      | Found a bloodstained altar of Trog.
  1479 | D:3      | Found a shadowy altar of Dithmenos.
  1479 | D:3      | Found a burning altar of Makhleb.
  1500 | D:4      | Noticed a scorpion
  1562 | D:3      | Reached XP level 4. HP: 31/37 MP: 4/4
  1620 | D:3      | Found Xiacuz's Assorted Antiques.
  1744 | D:3      | Noticed Natasha
  1787 | D:3      | Killed Natasha
  1844 | D:3      | Reached XP level 5. HP: 41/42 MP: 5/5
  2089 | D:2      | Reached skill level 3 in Axes
  2306 | D:3      | Noticed Natasha
  2309 | D:3      | Killed Natasha
  2399 | D:3      | Noticed Natasha
  2406 | D:3      | Killed Natasha
  2477 | D:3      | Noticed a kobold brigand
  2490 | D:3      | Reached skill level 1 in Stealth
  2492 | D:3      | Killed a kobold brigand
  2493 | D:3      | Reached skill level 5 in Armour
  2493 | D:3      | Reached XP level 6. HP: 18/48 MP: 6/6
  2515 | D:3      | Reached skill level 4 in Axes
  2590 | D:3      | Reached skill level 5 in Shields
  2599 | D:3      | Reached XP level 7. HP: 5/55 MP: 7/7
  2903 | D:3      | Reached skill level 5 in Axes
  3251 | D:3      | Found Tutziuph's Antique Armour Boutique.
  3257 | D:3      | Bought a chain mail for 117 gold pieces
  3477 | D:4      | Found Cumixan's Antique Armour Emporium.
  3659 | D:4      | Found Pohec's Distillery.
  3694 | D:4      | Bought a potion of curing for 30 gold pieces
  3694 | D:4      | Bought a potion of heal wounds for 50 gold pieces
  3694 | D:4      | Bought a potion of might for 40 gold pieces
  3710 | D:4      | Reached skill level 1 in Throwing
  3745 | D:4      | Reached XP level 8. HP: 53/61 MP: 8/8
  3915 | D:4      | Reached skill level 6 in Axes
  3945 | D:4      | Found Opuvafar's Book Shop.
  4118 | D:5      | Entered Level 5 of the Dungeon
  4137 | D:5      | Found Tauntun's Weapon Shoppe.
  4164 | D:5      | Reached skill level 5 in Fighting
  4373 | D:5      | Reached skill level 1 in Dodging
  4452 | D:5      | Found a staircase to the Ecumenical Temple.
  4461 | D:5      | Noticed Dowan
  4464 | Temple   | Entered the Ecumenical Temple
  4504 | Temple   | Became a worshipper of Warmaster Okawaru
  4526 | D:5      | Noticed Duvessa
  4528 | D:5      | Reached skill level 7 in Axes
  4533 | D:5      | Killed Dowan
  4534 | D:5      | Reached XP level 9. HP: 68/68 MP: 9/9
  4546 | D:5      | HP: 2/68 [Duvessa/+1 rapier of venom (10)]
  4552 | D:5      | Killed Duvessa
  4859 | D:6      | Reached * piety under Okawaru
  5041 | D:6      | Reached skill level 8 in Axes
  5615 | D:7      | Reached ** piety under Okawaru
  5703 | D:7      | Reached XP level 10. HP: 55/77 MP: 10/10
  5777 | D:7      | Noticed a two-headed ogre
  5814 | D:7      | Slain by a two-headed ogre

Illustrated notes

Levels and vault maps discovered:
D:1:      psy_arrival_whirlpool, layout_basic
D:2:      layout_basic, ebering_ecumenical_altar_petrified, minivault_26
D:3:      minmay_goblin_kobold_castle, layout_basic,
          nicolae_overflow_hidden_temple, serial_shops, shop,
          nicolae_shop_rolling_square, st_stairs_2, uniq_natasha
D:4:      layout_basic, serial_shops, shop, shop, nicolae_shop_real_fake_doors,
          shop, nicolae_shop_overgrown_old_shop
D:5:      layout_cave_pools, minmay_temple_entry_ruins, serial_park,
          serial_park_tiny_1, serial_park_square3 [serial_park_minivault_5x5_3],
          serial_park_tiny_pond, serial_park_tiny_1, serial_shops,
          nicolae_shop_scrapyard, dreamdust_mushroom_princess, uniq_duvessa
D:6:      layout_loops_ring
D:7:      layout_basic, uniq_prince_ribbit1
Temple:   compressed_dpeg_circular_temple

Skill      XL: |  1  2  3  4  5  6  7  8  9 |
---------------+----------------------------+-----
Armour         | 4 5 6 7 |  7.4
Axes           | 3 4 5 7 8 |  8.7
Stealth        | 1 |  1.3
Fighting       | 4 5 6 |  6.6
Shields        | 5 6 7 |  7.2
Throwing       | 1 2 3 |  3.0
Dodging        | 1 |  1.0

Action                     |  1- 3 |  4- 6 |  7- 9 | 10-12 || total
---------------------------+-------+-------+-------+-------++-------
  Melee: War axe           |    86 |   110 |   285 |    18 ||   499
  Throw: Dart              |       |    23 |   106 |     3 ||   132
 Invoke: Heroism           |       |       |       |     1 ||     1
Ability: Dig               |     1 |       |     1 |       ||     2
    Use: Scroll            |     4 |       |     4 |       ||     8
         Potion            |       |     1 |     6 |       ||     7
 Armour: Scale mail        |    43 |    56 |    18 |       ||   117
         Chain mail        |       |       |   114 |       ||   114
         Plate armour      |       |       |    58 |     5 ||    63
  Dodge: Dodged            |    40 |    63 |   148 |     6 ||   257
  Block: Buckler           |    18 |    34 |   102 |     6 ||   160
